 Dungeon Crawl Stone Soup version 0.30-a0-364-gf6b3ef1049 (webtiles) character file.

Game seed: 6665517033181098885

490 purpskrrrp the Skirmisher (level 7, -4/43 HPs)
             Began as a Kobold Hunter on Nov 14, 2022.
             Slain by an iguana (6 damage)
             ... on level 6 of the Dungeon on Nov 15, 2022.
             The game lasted 00:05:11 (3350 turns).

purpskrrrp the Skirmisher (Kobold Hunter)           Turns: 3350, Time: 00:05:12

Health: -4/43      AC: 13    Str:  8    XL:     7   Next: 37%
Magic:  7/7        EV: 11    Int: 11    God:
Gold:   202        SH:  0    Dex: 20    Spells: 6/6 levels left

rFire   + . .      SeeInvis .    a - +1 shortbow
rCold   . . .      Faith    .    (shield currently unavailable)
rNeg    . . .      Spirit   .    g - +0 scale mail {rF+}
rPois   +          Reflect  .    (no helmet)
rElec   .          Harm     .    (no cloak)
rCorr   .          Rampage  .    (no gloves)
Will    .....                    n - +2 pair of boots
Stlth   +++.......               (no amulet)
HPRegen 0.27/turn                o - +4 ring of protection
MPRegen 0.10/turn                m - ring of poison resistance

@: no status effects
A: small, no large weapons, nightstalker 3
a: no special abilities


You were on level 6 of the Dungeon.
You visited 1 branch of the dungeon, and saw 5 of its levels.

You collected 202 gold pieces.

Inventory:

Hand Weapons
 a - a +1 shortbow (weapon)
Armour
 c - a +0 leather armour
 g - a +0 scale mail of fire resistance (worn)
 n - a +2 pair of boots (worn)
Jewellery
 m - a ring of poison resistance (right hand)
 o - a +4 ring of protection (left hand)
Wands
 u - a wand of flame (7)
Scrolls
 b - a scroll of immolation
 d - 3 scrolls of teleportation
 e - 2 scrolls of vulnerability
 f - a scroll of amnesia
 j - a scroll of identify
 l - 2 scrolls of magic mapping
 t - a scroll of fog
 x - a scroll of poison {unknown}
Potions
 h - a potion of resistance {unknown}
 i - a potion of cancellation {unknown}
 k - a potion of degeneration {unknown}
 p - 2 potions of might
 q - a potion of ambrosia {unknown}
 r - 3 potions of attraction
 s - 2 potions of curing {unknown}
 v - a potion of invisibility {unknown}
 w - a potion of lignification {unknown}


   Skills:
 + Level 4.1 Fighting
 * Level 8.0 Ranged Weapons
 + Level 4.4 Dodging
 + Level 4.7 Stealth


You had 6 spell levels left.
You didn't know any spells.
Your spell library contained the following spells:

 Spells                   Type           Power      Damage    Failure   Level
 Sublimation of Blood     Necr           0%         N/A       99%         2
 Wereblood                Tmut           0%         N/A       99%         2
 Ozocubu's Armour         Ice            0%         N/A       100%        3
 Ozocubu's Refrigeration  Ice            0%         4d7       100%        7
 Summon Hydra             Summ           0%         N/A       100%        7


Dungeon Overview and Level Annotations

Branches:
Dungeon (4/15)             Temple (0/1) D:4

Altars:

Shops:
D:2 :

Annotations:
D:1 2 transporters


Innate Abilities, Weirdness & Mutations

You are small and have problems with some larger weapons.
You are completely attuned to the shadows.


Message History

You are too injured to fight recklessly!
You are too injured to fight recklessly!
You are too injured to fight recklessly!
Fire: a) +1 shortbow
Press: ? - help, Q - select action, (/) - cycle Shift-Dir - straight line, f/p - iguana
Aim: an iguana (almost dead, 72% to hit)
You shoot an arrow.
The arrow hits the iguana but does no damage.
The iguana is almost dead.
The iguana bites you!
* * * LOW HITPOINT WARNING * * *
The iguana bites you!
* * * LOW HITPOINT WARNING * * *
Okay, then.
Fire: a) +1 shortbow
Press: ? - help, Q - select action, (/) - cycle Shift-Dir - straight line, f/p - iguana
Aim: an iguana (almost dead, 72% to hit)
You shoot an arrow.
The arrow hits the iguana but does no damage.
The iguana is almost dead.
The iguana bites you but does no damage.
Fire: a) +1 shortbow
Press: ? - help, Q - select action, (/) - cycle Shift-Dir - straight line, f/p - iguana
Aim: an iguana (almost dead, 72% to hit)
You shoot an arrow. The arrow barely misses the iguana.
The iguana bites you but does no damage. x2
Fire: a) +1 shortbow
Press: ? - help, Q - select action, (/) - cycle Shift-Dir - straight line, f/p - iguana
Aim: an iguana (almost dead, 72% to hit)
You shoot an arrow. The arrow barely misses the iguana.
The iguana closely misses you.
Fire: a) +1 shortbow
Press: ? - help, Q - select action, (/) - cycle Shift-Dir - straight line, f/p - iguana
Aim: an iguana (almost dead, 72% to hit)
You shoot an arrow.
The arrow hits the iguana but does no damage.
The iguana is almost dead.
The iguana bites you but does no damage.
The iguana bites you.
You die...

#.###.....# #.#
##.###.#.#.# #.#
#........# # #.#
#..###.### ...
#.......... ....#
#..#######. #.#.# #..#
..##.#.# # #..# .<.†l#.#
#.#..# #@#.#####.
#.#..##### #.##.#)......
.........# #.##........#
.#..####.# #.#####.###.#
....# # ####.#####.###.
#.#.# #.#..............
#.#.####.#.##.#####.####
#.#.. ........# #.#
#.#.####.#.#### #.#


You could see an iguana.

Vanquished Creatures
  Sigmund (D:3)
  An ice beast (D:6)
  A jelly (D:6)
  An orc wizard (D:6)
  Terence (D:2)
  7 adders
  An ufetubus (D:4)
  A worm (D:2)
  A dart slug (D:4)
  2 orcs (D:6)
  5 ball pythons
  12 endoplasms
  4 giant cockroaches
  6 goblins
  5 hobgoblins
  4 jackals (D:1)
  10 bats
  6 frilled lizards
  11 rats
80 creatures vanquished.

Notes
Turn   | Place    | Note
-------+----------+-------------------------------------------
     0 | D:1      | purpskrrrp the Kobold Hunter began the quest for the Orb.
     0 | D:1      | Reached XP level 1. HP: 12/12 MP: 1/1
   100 | D:1      | Reached XP level 2. HP: 16/18 MP: 2/2
   221 | D:1      | Reached XP level 3. HP: 22/22 MP: 3/3
   370 | D:1      | Found a transporter.
   415 | D:1      | Found a faded altar of an unknown god.
   619 | D:1      | Reached skill level 6 in Ranged Weapons
  1259 | D:2      | Reached XP level 4. HP: 27/27 MP: 4/4
  1373 | D:2      | Found Nejeapoe's Book Boutique.
  1454 | D:2      | Noticed Terence
  1466 | D:2      | Killed Terence
  1678 | D:2      | Reached XP level 5. HP: 28/32 MP: 5/5
  1933 | D:3      | Noticed Sigmund
  2555 | D:3      | Killed Sigmund
  2556 | D:3      | Reached skill level 7 in Ranged Weapons
  2556 | D:3      | Reached XP level 6. HP: 30/38 MP: 6/6
  2880 | D:4      | Found a staircase to the Ecumenical Temple.
  3125 | D:4      | You fall into a shaft and drop 2 floors!
  3272 | D:6      | Noticed an ice beast
  3280 | D:6      | Killed an ice beast
  3281 | D:6      | Reached XP level 7. HP: 43/43 MP: 7/7
  3293 | D:6      | Reached skill level 8 in Ranged Weapons
  3346 | D:6      | HP: 1/43 [iguana (8)]
  3350 | D:6      | Slain by an iguana

Illustrated notes

Levels and vault maps discovered:
D:1:      spicycebolla_arrival_transporter_tutorial, layout_basic,
          shapermc_ecumenical_altar_starsandcircs,
          chequers_serial_rivers_room_a, minmay_misc_feat_doors,
          minmay_quantized
D:2:      layout_loops_cross, serial_shops, shop, uniq_terence
D:3:      layout_basic, uniq_sigmund
D:4:      layout_basic, minmay_temple_entry_junction_2
D:6:      layout_loops_ring, nicolae_overflow_hidden_temple, kennysheep_boxes

Skill      XL: |  1  2  3  4  5  6  7 |
---------------+----------------------+-----
Stealth        | 2 3 4 |  4.7
Ranged Weapons | 6 7 8 |  8.0
Dodging        | 3 4 |  4.4
Fighting       | 3 4 |  4.1

Action                   |  1- 3 |  4- 6 |  7- 9 || total
-------------------------+-------+-------+-------++-------
 Fire: Shortbow          |    86 |   147 |    20 ||   253
  Use: Scroll            |       |    12 |       ||    12
Armor: Leather armour    |     9 |    10 |       ||    19
       Scale mail        |       |    28 |     9 ||    37
Dodge: Dodged            |    32 |    74 |     7 ||   113

Table legend: (Time is in decaauts)
 A = Elapsed time spent in this place.
 B = Non-inter-level travel time spent in this place.
 C = Inter-level travel time spent in this place.
 D = Time resting spent in this place.
 E = Time spent auto-exploring this place.
 F = Levels seen in this place.
 G = Mean time per level.
                   A        B        C        D        E       F      G
               +--------+--------+--------+--------+--------+-----+--------+
         Total |   3449 |   3276 |    173 |     89 |   2595 |   5 |  689.8 |
       Dungeon |   3449 |   3276 |    173 |     89 |   2595 |   5 |  689.8 |
               +--------+--------+--------+--------+--------+-----+--------+

Top non-repeatable levels by time:
     D:2: 1052 daAuts
     D:1: 1041 daAuts
     D:3: 635 daAuts
     D:4: 476 daAuts
     D:6: 244 daAuts
